 Dungeon Crawl Stone Soup version 0.20-a0-540-ge6d1839 (webtiles) character file.

123 Devintownsend the Shield-Bearer (level 4, -4/41 HPs)
             Began as a Minotaur Fighter on Jan 29, 2017.
             Slain by an orc
             ... wielding a +0 hand axe
              (5 damage)
             ... on level 3 of the Dungeon.
             The game lasted 00:04:24 (1430 turns).

Devintownsend the Shield-Bearer (Minotaur Fighter)  Turns: 1430, Time: 00:04:24

Health: -4/41      AC:  7    Str: 22    XL:     4   Next: 80%
Magic:  3/3        EV:  7    Int:  5    God:
Gold:   92         SH:  9    Dex:  9    Spells: 3/3 levels left

rFire    . . .     SeeInvis .   a - +0 war axe
rCold    . . .     Gourm    .   b - +0 scale mail
rNeg     . . .     Faith    .   c - +0 shield
rPois    .         Spirit   .   (helmet restricted)
rElec    .         Reflect  .   (no cloak)
rCorr    .         Harm     .   (no gloves)
MR       .....                  (no boots)
Stlth    ..........             (no amulet)
Regen    0.2/turn               (no ring)
                                t - ring of wizardry

@: no status effects
A: retaliatory headbutt, horns 2
a: no special abilities


You were on level 3 of the Dungeon.
You were not hungry.

You visited 1 branch of the dungeon, and saw 3 of its levels.

You collected 92 gold pieces.

Inventory:

Hand Weapons
 a - a +0 war axe (weapon)
Armour
 b - a +0 scale mail (worn)
 c - a +0 shield (worn)
Jewellery
 t - a ring of wizardry (left hand)
Scrolls
 e - 2 scrolls of remove curse {unknown}
 g - 2 scrolls of teleportation {unknown}
 h - a scroll of magic mapping {unknown}
 i - a scroll of identify {unknown}
 l - 2 scrolls of amnesia {unknown}
 o - a scroll of enchant armour {unknown}
 p - a scroll of fog {unknown}
 q - a scroll of recharging {unknown}
 r - a scroll of noise {unknown}
 s - a scroll of random uselessness {unknown}
Potions
 d - 3 potions of might
 j - a potion of cancellation {unknown}
 k - a potion of lignification {unknown}
 m - a potion of invisibility {unknown}
Comestibles
 f - 3 bread rations
 n - 8 fruits


   Skills:
 + Level 4.4 Fighting
 + Level 4.2 Axes
 + Level 4.1 Armour
 + Level 0.4 Dodging
 + Level 4.5 Shields


You had 3 spell levels left.
You didn't know any spells.

Dungeon Overview and Level Annotations

Branches:
Dungeon (3/15)

Altars:


Innate Abilities, Weirdness & Mutations

You reflexively headbutt those who attack you in melee.
You have a pair of horns on your head.


Message History

You barely miss the orc.
The orc is heavily wounded.
The orc barely misses you.
The orc priest calls upon Beogh to heal the orc.
The orc's wounds heal themselves!
You block the orc's attack.
You hit the orc. You headbutt the orc.
The orc is almost dead.
You block the orc's attack.
You closely miss the orc. You headbutt the orc.
You kill the orc!
The orc priest miscasts a cantrip.
The orc priest begins to cast a cantrip, but forgets the words!
The orc priest hits you with a flail!
* * * LOW HITPOINT WARNING * * *
Things that are here:
a flail; an orc corpse You slash the orc priest!
You kill the orc priest!
The orc hits you with a hand axe.
You die...

..... .......
....#.......
..o........
..o.......
.........
#o.......
#.....!..
#####........
#..@o.#####..
#.#####
#.#...#
#.#(..#
#####.....#
.........#.#
.#######.#.#
#.....#.#.#
#.......#.+


You could see an orc.

Vanquished Creatures
  An orc priest (D:3)
  3 adders (D:2)
  A worm (D:2)
  A dart slug (D:1)
  A leopard gecko (D:2)
  An orc (D:3)
  A ball python (D:1)
  A giant cockroach (D:1)
  4 goblins (D:1)
  13 hobgoblins
  4 jackals (D:2)
  8 kobolds
  A quokka (D:2)
  11 bats
  5 frilled lizards
  3 rats (D:1)
59 creatures vanquished.

Notes
Turn   | Place    | Note
-------+----------+-------------------------------------------
     0 | D:1      | Devintownsend the Minotaur Fighter began the quest for the Orb.
     0 | D:1      | Reached XP level 1. HP: 19/19 MP: 0/0
   158 | D:1      | Reached XP level 2. HP: 27/27 MP: 1/1
   815 | D:1      | Reached XP level 3. HP: 33/33 MP: 2/2
  1083 | D:2      | Reached XP level 4. HP: 34/40 MP: 3/3
  1429 | D:3      | HP: 1/40 [orc priest/flail (7)]
  1430 | D:3      | Slain by an orc

Vault maps used:
D:1:      minmay_arrival_four_houses
D:2:      first_bread
D:3:      cheibrodos_ashenzari_chains

Skill      XL: |  1  2  3  4 |
---------------+-------------+-----
Fighting       | 4 |  4.4
Armour         | 4 |  4.1
Shields        | 4 |  4.5
Axes           | 3 4 |  4.2
Dodging        | |  0.4

Action                   |  1- 3 |  4- 6 || total
-------------------------+-------+-------++-------
Melee: War axe           |    80 |    52 ||   132
       Headbutt          |     9 |    10 ||    19
  Eat: Chunk             |       |     2 ||     2
Armor: Scale mail        |    45 |    29 ||    74
Dodge: Dodged            |    28 |    16 ||    44
Block: Shield            |    45 |    31 ||    76
